Map: 2000 Atmospheres LE

Players

Epic

  • Race: Terran Terran
  • League: Grandmaster

MaSa - Winner!

  • Race: Terran Terran

Event: DreamHack SC2 Masters 2021 Summer

VOD

Have the link to the VOD?

Description

Time

  • Played on: May 29, 2021, 6:47 p.m.
  • Length: 13:48

All games in this series

Show
View Real Time Build Order
Export as new Build Order

Epic Terran 

Build Orders:  

Get SALT Encoding   

  12  0:00  SCV  
  13  0:12  SCV  
  14  0:16  Supply Depot  
  14  0:24  SCV  
  15  0:38  SCV  
  15  0:39  Barracks  
  16  0:43  Refinery  
  16  0:50  SCV  
  16  0:52  Refinery  
  17  1:02  SCV  
  18  1:14  SCV  
  19  1:26  Reaper, Orbital Command  
  19  1:29  Supply Depot  
  20  1:41  Factory  
  20  1:53  SCV  
  21  1:58  Reaper  
  22  2:05  SCV  
  23  2:18  Command Center  
  23  2:22  SCV  
  24  2:27  Hellion  
  26  2:30  Reaper  
  26  2:35  Supply Depot  
  27  2:38  SCV  
  28  2:48  Hellion  
  28  2:50  Starport  
  30  2:54  SCV  
  31  3:02  Barracks Reactor  
  31  3:06  SCV  
  32  3:13  Factory Tech Lab  
  32  3:19  SCV  
  33  3:29  Starport Tech Lab  
  33  3:31  Orbital Command  
  33  3:32  Cyclone  
  33  3:33  Refinery, SCV  
  37  3:41  Marine x2  
  39  3:45  SCV  
  37  3:57  Raven  
  37  4:00  SCV  
  37  4:01  SCV  
  37  4:02  Marine x2, Supply Depot  
  43  4:13  SCV x2  
  43  4:15  Siege Tank  
  48  4:22  Marine x2  
  50  4:25  SCV x2  
  52  4:35  Supply Depot  
  52  4:37  Supply Depot  
  52  4:38  SCV x2  
  54  4:55  SCV, Command Center  
  54  4:57  SCV, Siege Tank  
  58  5:05  Starport Reactor  
  55  5:07  SCV, Barracks  
  55  5:08  Barracks, Stimpack  
  55  5:09  SCV  
  55  5:10  Marine  
  55  5:19  SCV  
  55  5:21  SCV  
  55  5:24  Refinery  
  55  5:32  SCV  
  55  5:33  SCV, Engineering Bay  
  55  5:34  Engineering Bay  
  60  5:35  Siege Tank  
  60  5:40  Viking x2  
  64  5:44  Supply Depot  
  64  5:45  SCV  
  64  5:46  SCV  
  66  5:52  Marine  
  65  5:58  SCV  
  65  5:59  SCV  
  65  6:09  Terran Infantry Armor Level 1, Terran Infantry Weapons Level 1  
  65  6:10  SCV  
  65  6:11  SCV  
  66  6:14  Barracks Reactor  
  66  6:18  Barracks Reactor  
  66  6:20  Orbital Command  
  66  6:22  SCV  
  66  6:23  SCV  
  66  6:24  Marine  
  66  6:25  Viking x2  
  73  6:34  SCV  
  73  6:36  SCV  
  73  6:37  Barracks  
  73  6:39  Siege Tank  
  78  6:40  Barracks  
  78  6:42  Orbital Command  
  78  6:43  Marine  
  78  6:46  SCV  
  80  6:48  SCV  
  80  6:50  Supply Depot  
  81  6:58  SCV  
  81  6:59  Medivac x2  
  84  7:03  SCV  
  84  7:04  Combat Shield  
  84  7:05  Marine x3  
  84  7:06  Marine x2, Supply Depot  
  90  7:10  SCV  
  91  7:16  SCV x2  
  94  7:22  SCV  
  94  7:23  Siege Tank, Marine, Supply Depot  
  94  7:28  Armory  
  98  7:30  SCV x2  
  98  7:35  SCV  
  99  7:42  Barracks Reactor x2, Marine x3  
  96  7:47  SCV x3  
  96  7:50  Marine x2  
  96  7:51  Medivac  
  91  7:52  Refinery, Medivac  
  91  7:53  Refinery  
  91  7:56  Supply Depot  
  91  7:57  Supply Depot  
  93  7:59  Marine  
  93  8:05  SCV x3  
  97  8:06  Marine x2, Command Center  
  97  8:08  Marine x2, Siege Tank  
  104  8:17  Marine  
  104  8:21  Marine  
  104  8:22  Marine x3  
  104  8:24  Marine x2  
  104  8:26  Marine x2, Medivac x2  
  111  8:35  Marine  
  111  8:39  Marine x4  
  116  8:42  Marine x2  
  117  8:52  Marine  
  117  8:53  Marine  
  117  9:12  Terran Infantry Weapons Level 2  
  117  9:15  Supply Depot x3  
  117  9:16  Supply Depot  
  117  9:17  Marine x8, Medivac x2, Siege Tank  
  117  9:21  Terran Infantry Armor Level 2  
  132  9:28  Marine  
  124  9:35  Marine x5  
  124  9:36  Marine x3  
  102  9:46  Marine  
  101  9:53  Marine x5  
  101  9:54  Marine  
  101  9:55  Marine x2  
  99  10:04  Marine  
  99  10:06  Medivac, Siege Tank  
  105  10:09  Medivac  
  105  10:10  Marine x3  
  110  10:17  Marine x2  
  113  10:22  Marine  
  110  10:33  Marine x2  
  99  10:37  Marine x3  
  96  10:51  Marine x2  
  96  10:54  Siege Tank  
  96  10:55  Marine x3  
  104  11:08  Marine  
  104  11:09  Marine  
  98  11:13  Marine x3  
  92  11:23  Planetary Fortress  
  92  11:26  Marine, Siege Tank  
  92  11:27  Marine  
  92  11:31  Marine x3  
  98  11:38  Starport  
  96  11:42  Barracks  
  96  11:44  Marine x2  
  98  11:48  Marine  
  98  11:49  Marine  
  97  11:54  Marine  
  97  11:58  Siege Tank  
  97  12:00  Barracks x2  
  101  12:02  Marine x2  
  103  12:09  Barracks  
  103  12:10  Barracks  
  103  12:12  Marine x2  
  103  12:13  Marine  
  106  12:16  Medivac  
  106  12:19  Supply Depot  
  106  12:20  Marine x2  
  110  12:30  Marine x3  
  110  12:36  Siege Tank  
  114  12:37  Marine x2  
  114  12:38  Marine  
  117  12:49  Marine x5  
  108  12:54  Medivac  
  108  12:55  Marine x2  
  108  12:56  Marine  
  108  12:58  Marine  
  97  13:07  Marine x4  
  99  13:13  Marine x3  
  99  13:16  Marine  
  99  13:25  Marine x4  
  100  13:30  Marine  
  100  13:33  Starport  
Show
View Real Time Build Order
Export as new Build Order

MaSa Terran - Winner!

Build Orders:  

Get SALT Encoding   

  12  0:00  SCV  
  13  0:12  SCV  
  14  0:16  Supply Depot  
  14  0:24  SCV  
  15  0:38  SCV  
  15  0:40  Barracks  
  16  0:44  Refinery  
  16  0:50  Refinery  
  16  0:52  SCV  
  17  1:04  SCV  
  18  1:16  SCV  
  19  1:26  Reaper  
  19  1:28  Orbital Command  
  20  1:38  Factory  
  20  1:43  Supply Depot  
  20  1:54  SCV  
  20  1:59  Reaper  
  22  2:06  SCV  
  23  2:16  Command Center  
  23  2:21  SCV  
  24  2:24  Hellion  
  26  2:33  Starport  
  26  2:34  SCV  
  27  2:37  Barracks Reactor  
  27  2:46  Supply Depot  
  27  2:51  Factory Tech Lab, SCV  
  28  3:03  SCV  
  29  3:13  Marine x2, Siege Tank  
  29  3:15  SCV  
  35  3:21  Refinery  
  35  3:24  Medivac  
  37  3:28  SCV  
  37  3:32  Marine x2  
  41  3:35  Orbital Command  
  39  3:43  SCV  
  38  3:54  Cyclone  
  38  3:55  SCV  
  41  4:00  Marine x2  
  41  4:02  SCV  
  44  4:05  Starport Tech Lab  
  44  4:07  SCV  
  43  4:14  SCV  
  44  4:18  Marine x2  
  44  4:19  SCV  
  47  4:27  Siege Tank  
  47  4:29  SCV  
  51  4:33  SCV  
  51  4:35  Supply Depot  
  52  4:38  Marine  
  52  4:39  Marine  
  54  4:56  SCV, Raven  
  54  4:58  Supply Depot  
  57  5:01  SCV, Marine x2  
  60  5:13  SCV  
  61  5:16  Command Center, Siege Tank  
  61  5:22  SCV  
  61  5:26  Barracks x2  
  62  5:33  SCV  
  62  5:34  SCV  
  65  5:38  Supply Depot  
  65  5:45  SCV  
  65  5:49  Siege Tank  
  68  5:50  SCV  
  69  5:58  SCV  
  69  6:00  Marine  
  69  6:02  SCV  
  69  6:04  Viking x2  
  73  6:06  Stimpack  
  73  6:10  SCV  
  76  6:15  Engineering Bay  
  76  6:18  Marine  
  72  6:19  Barracks Reactor x2  
  72  6:21  SCV, Siege Tank  
  76  6:27  SCV  
  76  6:29  Engineering Bay  
  77  6:33  SCV  
  77  6:36  Marine  
  77  6:37  Viking x2  
  83  6:40  SCV  
  83  6:43  Refinery  
  84  6:54  Refinery  
  84  6:59  SCV  
  84  7:04  Marine  
  84  7:05  Marine x4  
  84  7:07  Viking x2  
  93  7:10  Orbital Command  
  98  7:15  SCV x2, Siege Tank  
  98  7:17  Terran Infantry Armor Level 1, Supply Depot x2  
  98  7:18  Supply Depot  
  98  7:27  SCV x2  
  98  7:29  Terran Infantry Weapons Level 1  
  100  7:40  SCV  
  87  7:45  SCV  
  87  7:47  SCV  
  87  7:49  Marine x4  
  87  7:50  Marine  
  94  7:51  Combat Shield  
  94  7:52  SCV  
  94  7:53  Liberator  
  94  7:55  Barracks x2  
  94  7:57  SCV  
  99  7:58  Siege Tank  
  99  7:59  SCV  
  99  8:04  SCV  
  104  8:07  Marine x5, Supply Depot  
  104  8:09  SCV  
  104  8:11  SCV  
  111  8:25  Marine x4  
  115  8:30  Siege Tank  
  115  8:33  SCV x3  
  121  8:41  Marine  
  118  8:42  Marine  
  118  8:45  SCV x3  
  118  8:48  Medivac  
  124  8:49  Armory  
  124  8:54  Marine x3  
  126  8:56  Barracks Reactor x2  
  126  8:57  SCV  
  126  9:01  Marine, Medivac  
  126  9:02  Marine  
  131  9:09  SCV x2  
  133  9:10  Supply Depot  
  133  9:11  Supply Depot  
  133  9:12  Supply Depot  
  133  9:28  Marine x2  
  133  9:30  Medivac  
  133  9:31  Siege Tank  
  133  9:32  Marine  
  133  9:33  Marine x4  
  133  9:34  SCV x3  
  133  9:35  Marine x2  
  138  9:46  SCV x2, Marine x2  
  138  9:47  SCV  
  138  9:50  Marine x2  
  142  9:55  Terran Infantry Weapons Level 2, Command Center  
  139  10:03  Marine x2, Siege Tank  
  139  10:04  Terran Infantry Armor Level 2, Marine x3  
  145  10:11  Marine, Terran Vehicle Weapons Level 1  
  146  10:15  Medivac  
  146  10:16  Factory  
  146  10:20  Marine  
  146  10:21  Marine x2  
  150  10:23  Barracks Reactor  
  150  10:25  Marine  
  150  10:26  Marine x3  
  150  10:27  Medivac  
  148  10:35  Siege Tank  
  148  10:36  Marine  
  148  10:38  Marine x2  
  148  10:39  Marine  
  147  10:46  SCV x2  
  132  10:55  Marine x3  
  132  10:56  SCV  
  134  10:57  Marine x3  
  134  11:00  SCV, Marine x2, Medivac  
  134  11:03  SCV  
  132  11:07  Siege Tank  
  132  11:08  SCV  
  132  11:09  Marine x2  
  126  11:12  Marine  
  126  11:13  SCV, Marine  
  126  11:15  SCV  
  122  11:19  Marine  
  122  11:20  SCV  
  122  11:25  SCV  
  124  11:27  SCV  
  125  11:34  Marine x6  
  125  11:37  Viking  
  125  11:38  Marine, Viking  
  139  11:40  Siege Tank  
  139  11:43  Sensor Tower  
  139  11:44  SCV x3  
  142  11:50  Marine x3  
  145  11:55  Planetary Fortress  
  145  11:56  SCV x2  
  145  11:57  SCV  
  145  11:58  Marine x3  
  145  11:59  Siege Tank  
  151  12:07  Marine x4  
  155  12:08  SCV  
  155  12:10  Viking  
  155  12:12  Siege Tank  
  155  12:14  SCV x2  
  163  12:20  SCV  
  164  12:26  Refinery, SCV x2  
  163  12:33  SCV  
  161  12:42  Marine x3, Medivac  
  162  12:51  Marine x5  
  151  12:52  Siege Tank  
  151  12:55  Marine x2  
  156  13:00  Marine x3  
  159  13:10  Marine  
  159  13:11  Marine x4, Siege Tank  
  158  13:14  Marine x2, Medivac  
Tags
 
Add a new tag
Caveats
  • Supply blocks, unpowered buildings, or Contaminate may cause inaccurate times.
  • Supply counts are checked every 10 seconds.